 Dungeon Crawl Stone Soup version 0.31-a0-175-g9f7f995f2b (webtiles) character file.

Game seed: 13921378652703079533

425 qw the Shooter (level 6, -9/57 HPs)
             Began as a Naga Hunter on June 16, 2023.
             Was an Initiate of Okawaru.
             Mangled by Edmund
             ... wielding a +2 dire flail of protection
              (15 damage)
             ... on level 4 of the Dungeon.
             The game lasted 00:01:12 (2891 turns).

qw the Shooter (Naga Hunter)                        Turns: 2891, Time: 00:01:12

Health: -9/57      AC:  4    Str: 13    XL:     6   Next: 96%
Magic:  6/6        EV:  9    Int:  9    God:    Okawaru [......]
Gold:   48         SH:  0    Dex: 17    Spells: 5/5 levels left

rFire   . . .        Y - +0 shortbow (heavy)
rCold   . . .        (shield currently unavailable)
rNeg    . . .        c - +0 leather armour
rPois   +            (no helmet)
rElec   .            j - +0 cloak
rCorr   .            (no gloves)
SInv    +            (no barding)
Will    .....        (no amulet)
Stlth   ++           (no ring)
HPRegen 0.29/turn    (no ring)
MPRegen 0.10/turn

%: no passive effects
@: about to teleport, short of breath, very slow
A: AC +2, large, see invisible, deformed body, poison resistance, slowness 2,
spit poison 1, naga tail 1
a: Spit Poison, Renounce Religion


You were on level 4 of the Dungeon.
You worshipped Okawaru.
Okawaru was noncommittal.
You visited 1 branch of the dungeon, and saw 4 of its levels.

You collected 162 gold pieces.
You spent 114 gold pieces at shops.


Innate Abilities, Weirdness & Mutations

Your serpentine skin is tough. (AC +2)
You have supernaturally acute eyesight. (SInv)
Armour fits poorly on your strangely shaped body.
Your system is resistant to poisons. (rPois)
You cover ground very slowly.
You can spit poison.
You have a snake-like lower body.


   Skills:
 - Level 4.0 Fighting
 - Level 6.5 Ranged Weapons
 + Level 1.6 Dodging
 - Level 1.5 Stealth


You had 5 spell levels left.
You didn't know any spells.
Your spell library was empty.

Inventory:

Hand Weapons
 Y - a +0 heavy shortbow (weapon)
Armour
 c - a +0 leather armour (worn)
 j - a +0 cloak (worn)
Jewellery
 a - the ring of Joycahot {Ice *Slow Str+3}
   (You acquired it on level 1 of the Dungeon)

   [ring of ice]

   It enhances your ice magic.
   Str:       It affects your strength (+3).
   rF:        It makes you vulnerable to fire.
   rC:        It protects you from cold.
   *Slow:     It may slow you when you take damage.
Scrolls
 e - a scroll of identify
Potions
 b - a potion of haste
 f - 2 potions of curing
 g - a potion of degeneration {unknown}
 h - a potion of mutation {unknown}
 i - a potion of might {unknown}

Dungeon Overview and Level Annotations

Branches:
Dungeon (4/15)
 Temple: D:4-7

Altars:
Nemelex Xobeh
Okawaru
Uskayaw
Wu Jian

Shops:
D:4 ?

Annotations:
D:4 Edmund


Message History

2882 ||| INVOKING Spit Poison.
Aiming: Spit Poison (1% risk of failure)
Press: ? - help, Shift-Dir - straight line, f/p - Edmund The splash of poison misses Edmund.
You shoot an arrow. The arrow hits Edmund!
Edmund is heavily wounded.
Edmund throws a stone.
The stone barely misses you.
You shoot an arrow. The arrow closely misses Edmund.
You have got your breath back.
2885 ||| INVOKING Spit Poison.
Aiming: Spit Poison (1% risk of failure)
Press: ? - help, Shift-Dir - straight line, f/p - Edmund The splash of poison hits Edmund but does no damage.
Edmund is poisoned.
Edmund is heavily wounded.
You shoot an arrow. The arrow barely misses Edmund.
Edmund closely misses you.
Edmund hits you with a +2 dire flail of protection!
You shoot an arrow. The arrow hits Edmund!
Edmund is severely wounded.
Edmund hits you with a +2 dire flail of protection!
You shoot an arrow.
The arrow hits Edmund but does no damage.
Edmund is almost dead.
Edmund looks more healthy.
Edmund hits you with a +2 dire flail of protection. x2
You shoot an arrow. The arrow barely misses Edmund.
You have got your breath back.
Edmund hits you with a +2 dire flail of protection.
2890 ||| READING scroll of teleportation.
As you read the scroll of teleportation, it crumbles to dust.
You feel strangely unstable.
Edmund says, "You wouldn't believe how much I paid for this flail."
Edmund hits you with a +2 dire flail of protection!
2891 ||| INVOKING Spit Poison.
Aiming: Spit Poison (1% risk of failure)
Press: ? - help, Shift-Dir - straight line, f/p - Edmund The splash of poison misses Edmund.
Edmund hits you with a +2 dire flail of protection!
You die...

.........#...#...........##..#
.......|...>.#...............#
..##.........##..............#
###.....#.....#..........%%..#
~~~.....###..............#..###
###.#........)...........#....#
..#.......)##...#......##...##
...#.........##.##.....##<.###
................@.......#....#
...........[...@...........###
....>..###................##
.......####........#.......
...................#......#
........................###
#......................
#..............##..##
###..............


You could see Edmund.

Vanquished Creatures
  Menkaure (D:4)
  Blork the orc (D:4)
  An orc priest (D:3)
  An iguana (D:4)
  2 orc wizards
  5 adders
  An adder skeleton (D:2)
  2 dart slugs (D:2)
  8 orcs
  10 ball pythons
  2 endoplasms (D:2)
  4 giant cockroaches
  6 goblins
  3 hobgoblins
  6 kobolds
  10 quokkas
  2 bats
  A frilled lizard (D:3)
  A jackal skeleton (D:2)
  9 rats
76 creatures vanquished.

Notes
Turn   | Place    | Note
-------+----------+-------------------------------------------
     0 | D:1      | qw the Naga Hunter began the quest for the Orb.
     0 | D:1      | Reached XP level 1. HP: 19/19 MP: 1/1
     0 | D:1      | 0 ||| qw: Version: 0.2-a-29-g511e9b1
     0 | D:1      | 0 ||| qw: Game counter: 38
     0 | D:1      | 0 ||| qw: Always use a shield: true
     0 | D:1      | 0 ||| qw: God list: Okawaru
     0 | D:1      | 0 ||| qw: Allow faded altars: false
     0 | D:1      | 0 ||| qw: Do Orc after D:15 true
     0 | D:1      | 0 ||| qw: Do second Lair branch before Depths: true
     0 | D:1      | 0 ||| qw: Lair rune preference: random
     0 | D:1      | 0 ||| qw: Plans: Normal
     0 | D:1      | 0 ||| PLANNING D:1-11
     5 | D:1      | 5 ||| INVOKING Spit Poison.
    32 | D:1      | 32 ||| INVOKING Spit Poison.
    35 | D:1      | 35 ||| INVOKING Spit Poison.
   143 | D:1      | 143 ||| INVOKING Spit Poison.
   147 | D:1      | 147 ||| INVOKING Spit Poison.
   151 | D:1      | Reached skill level 4 in Ranged Weapons
   151 | D:1      | Reached XP level 2. HP: 21/26 MP: 2/2
   188 | D:1      | 188 ||| INVOKING Spit Poison.
   191 | D:1      | 191 ||| INVOKING Spit Poison.
   194 | D:1      | 194 ||| INVOKING Spit Poison.
   200 | D:1      | 200 ||| INVOKING Spit Poison.
   219 | D:1      | 219 ||| INVOKING Spit Poison.
   223 | D:1      | 223 ||| INVOKING Spit Poison.
   228 | D:1      | 228 ||| INVOKING Spit Poison.
   332 | D:1      | 332 ||| INVOKING Spit Poison.
   394 | D:1      | Found a faded altar of an unknown god.
   396 | D:1      | 396 ||| INVOKING Spit Poison.
   403 | D:1      | 403 ||| INVOKING Spit Poison.
   508 | D:1      | 508 ||| INVOKING Spit Poison.
   515 | D:1      | 515 ||| INVOKING Spit Poison.
   532 | D:1      | 532 ||| UPGRADING to +0 cloak.
   537 | D:1      | 537 ||| READING scroll labelled SIFE FOUSIKHLIMN.
   538 | D:1      | 538 ||| READING scroll labelled GOHIOSA RITSO.
   539 | D:1      | 539 ||| READING scroll labelled AROLUMM VETH.
   540 | D:1      | 540 ||| READING scroll labelled QAFIAPIFEU.
   545 | D:1      | 545 ||| READING scroll labelled KUUGOE VUKKOTH.
   545 | D:1      | Identified a scroll of acquirement
   545 | D:1      | 545 ||| ACQUIRING ring of Joycahot {Ice *Slow Str+3}
   545 | D:1      | Acquired the ring of Joycahot {Ice *Slow Str+3}
   547 | D:1      | 547 ||| DROPPING scroll of butterflies.
   570 | D:2      | 570 ||| INVOKING Spit Poison.
   574 | D:2      | 574 ||| INVOKING Spit Poison.
   577 | D:2      | 577 ||| INVOKING Spit Poison.
   592 | D:2      | Reached XP level 3. HP: 32/32 MP: 3/3
   599 | D:2      | 599 ||| INVOKING Spit Poison.
   604 | D:2      | 604 ||| INVOKING Spit Poison.
   629 | D:2      | 629 ||| INVOKING Spit Poison.
   676 | D:2      | 676 ||| INVOKING Spit Poison.
   677 | D:2      | 677 ||| INVOKING Spit Poison.
   697 | D:2      | 697 ||| INVOKING Spit Poison.
   705 | D:2      | 705 ||| INVOKING Spit Poison.
   725 | D:2      | 725 ||| INVOKING Spit Poison.
   783 | D:2      | 783 ||| INVOKING Spit Poison.
   796 | D:2      | 796 ||| INVOKING Spit Poison.
   805 | D:2      | 805 ||| INVOKING Spit Poison.
   810 | D:2      | 810 ||| INVOKING Spit Poison.
   962 | D:2      | 962 ||| INVOKING Spit Poison.
   966 | D:2      | Reached skill level 5 in Ranged Weapons
   966 | D:2      | Reached XP level 4. HP: 38/39 MP: 4/4
   966 | D:2      | 966 ||| INVOKING Spit Poison.
   969 | D:2      | 969 ||| INVOKING Spit Poison.
  1140 | D:2      | 1140 ||| READING scroll labelled GIWOIR QADWU.
  1241 | D:2      | 1241 ||| DRINKING 2 green potions.
  1284 | D:3      | 1284 ||| INVOKING Spit Poison.
  1289 | D:3      | 1289 ||| INVOKING Spit Poison.
  1311 | D:3      | 1311 ||| INVOKING Spit Poison.
  1365 | D:3      | 1365 ||| INVOKING Spit Poison.
  1381 | D:3      | 1381 ||| INVOKING Spit Poison.
  1402 | D:3      | 1402 ||| INVOKING Spit Poison.
  1407 | D:3      | 1407 ||| INVOKING Spit Poison.
  1419 | D:3      | 1419 ||| INVOKING Spit Poison.
  1422 | D:3      | 1422 ||| INVOKING Spit Poison.
  1468 | D:3      | 1468 ||| INVOKING Spit Poison.
  1482 | D:3      | Found an ornate altar of the Wu Jian Council.
  1538 | D:3      | 1538 ||| INVOKING Spit Poison.
  1542 | D:3      | 1542 ||| INVOKING Spit Poison.
  1583 | D:3      | 1583 ||| INVOKING Spit Poison.
  1586 | D:3      | 1586 ||| INVOKING Spit Poison.
  1680 | D:3      | 1680 ||| INVOKING Spit Poison.
  1685 | D:3      | 1685 ||| INVOKING Spit Poison.
  1688 | D:3      | Reached skill level 3 in Fighting
  1727 | D:3      | 1727 ||| INVOKING Spit Poison.
  1731 | D:3      | Reached XP level 5. HP: 42/49 MP: 5/5
  1758 | D:3      | 1758 ||| INVOKING Spit Poison.
  1893 | D:3      | 1893 ||| INVOKING Spit Poison.
  1896 | D:3      | 1896 ||| INVOKING Spit Poison.
  2020 | D:3      | 2020 ||| READING scroll labelled HAM KEOGUG.
  2021 | D:3      | 2021 ||| READING 2 scrolls of identify.
  2021 | D:3      | 2021 ||| IDENTIFYING smoky brown potion
  2039 | D:4      | 2039 ||| PLANNING SEWER
  2043 | D:4      | 2043 ||| INVOKING Spit Poison.
  2049 | D:4      | 2049 ||| INVOKING Spit Poison.
  2053 | D:4      | 2053 ||| INVOKING Spit Poison.
  2058 | D:4      | 2058 ||| INVOKING Spit Poison.
  2203 | D:4      | 2203 ||| INVOKING Spit Poison.
  2205 | D:4      | Noticed Menkaure
  2215 | D:4      | Killed Menkaure
  2216 | D:4      | Reached skill level 6 in Ranged Weapons
  2216 | D:4      | Reached XP level 6. HP: 16/56 MP: 6/6
  2225 | D:4      | 2225 ||| INVOKING Spit Poison.
  2353 | D:4      | Found Gaxt's Magic Scroll Boutique.
  2362 | D:4      | 2362 ||| BUYING scroll of brand weapon (114 gold).
  2362 | D:4      | Bought a scroll of brand weapon for 114 gold pieces
  2362 | D:4      | 2362 ||| SHOPLISTING scroll of teleportation (36 gold, have
                  | 1).
  2362 | D:4      | 2362 ||| READING scroll of brand weapon.
  2362 | D:4      | 2362 ||| BRANDING +0 shortbow.
  2388 | D:4      | Noticed Blork the orc
  2391 | D:4      | 2391 ||| INVOKING Spit Poison.
  2394 | D:4      | 2394 ||| INVOKING Spit Poison.
  2395 | D:4      | Noticed Edmund
  2397 | D:4      | Killed Blork the orc
  2398 | D:4      | 2398 ||| INVOKING Spit Poison.
  2402 | D:4      | 2402 ||| INVOKING Spit Poison.
  2405 | D:4      | HP: 13/57 [Edmund/+2 dire flail of protection (12)]
  2406 | D:4      | 2406 ||| READING scroll of teleportation.
  2407 | D:4      | 2407 ||| INVOKING Spit Poison.
  2408 | D:4      | HP: 2/57 [Edmund/+2 dire flail of protection (8)]
  2599 | D:4      | Identified the +8 long sword of Acaemito {flame, Drain Fly
                  | rC+++ Dex+2}
  2651 | D:4      | 2651 ||| INVOKING Spit Poison.
  2653 | D:4      | 2653 ||| RIP SEWER
  2654 | D:4      | 2654 ||| PLANNING D:1-11
  2663 | D:4      | Found a sparkling altar of Nemelex Xobeh.
  2663 | D:4      | Found a hide-covered altar of Uskayaw.
  2726 | D:4      | 2726 ||| INVOKING Spit Poison.
  2752 | D:4      | Found an iron altar of Okawaru.
  2753 | D:4      | 2753 ||| PLANNING OKAWARU WORSHIP
  2753 | D:4      | 2753 ||| DRINKING 2 bubbling inky potions.
  2754 | D:4      | 2754 ||| DROPPING potion of brilliance.
  2758 | D:4      | Became a worshipper of Warmaster Okawaru
  2759 | D:4      | 2759 ||| PLANNING D:1-11
  2854 | D:4      | 2854 ||| INVOKING Spit Poison.
  2864 | D:4      | 2864 ||| INVOKING Spit Poison.
  2882 | D:4      | 2882 ||| INVOKING Spit Poison.
  2885 | D:4      | 2885 ||| INVOKING Spit Poison.
  2889 | D:4      | HP: 13/57 [Edmund/+2 dire flail of protection (5)]
  2890 | D:4      | 2890 ||| READING scroll of teleportation.
  2890 | D:4      | HP: 6/57 [Edmund/+2 dire flail of protection (7)]
  2891 | D:4      | 2891 ||| INVOKING Spit Poison.
  2891 | D:4      | Mangled by Edmund

Levels and vault maps discovered:
D:1:      moated_graveyard_arrival, layout_basic, ebering_ecumenical_altar_box
D:2:      layout_basic, serial_undead, serial_undead_f, serial_undead_b,
          serial_undead_d, serial_undead_e, serial_undead_a, minmay_distorted
D:3:      layout_basic, nzn_wu_jian_contemplation,
          chequers_serial_rivers_small_a
D:4:      layout_cave_pools, makhleb_blood_cavern_becter, lemuel_round_altar,
          mainiacjoe_overflow_24_doors, mainiacjoe_overflow_small_starburst,
          portal_sewer_entry_d, serial_shops, nicolae_shop_window_shopping,
          eino_small_chamber_without_monster, uniq_edmund, uniq_menkaure,
          uniq_blork_the_orc

Skill      XL: |  1  2  3  4  5  6 |
---------------+-------------------+-----
Ranged Weapons | 4 5 6 |  6.5
Fighting       | 3 4 |  4.0
Dodging        | |  1.6
Stealth        | |  1.5

Action                     |  1- 3 |  4- 6 || total
---------------------------+-------+-------++-------
   Fire: Shortbow          |    79 |   106 ||   185
Ability: Spit Poison       |    32 |    40 ||    72
    Use: Scroll            |     5 |     6 ||    11
         Potion            |       |     2 ||     2
 Armour: Leather armour    |     8 |    12 ||    20
  Dodge: Dodged            |    15 |    32 ||    47

Table legend:
 A = Non-vault XP
 B = Vault XP
 C = Vault XP percentage of total XP
 D = Non-vault monster count
 E = Vault monster count
 F = Vault count percentage of total count
                 A         B        C        D         E       F
            +---------+---------+-------+---------+---------+-------
      Total |     319 |     289 |  47.5 |      70 |       6 |   7.9
            +---------+---------+-------+---------+---------+-------
        D:1 |      31 |       0 |   0.0 |      19 |       0 |   0.0
        D:2 |      43 |      23 |  34.8 |      18 |       4 |  18.2
        D:3 |     151 |       0 |   0.0 |      21 |       0 |   0.0
        D:4 |      94 |     266 |  73.9 |      12 |       2 |  14.3
            +---------+---------+-------+---------+---------+-------
